 Dungeon Crawl Stone Soup version 0.28-a0-697-g47f3eba078 (webtiles) character file.

Game seed: 16205572155937868195

253 siradein the Poker (level 5, -3/41 HPs)
             Began as a Demonspawn Gladiator on Oct 23, 2021.
             Was an Initiate of Qazlal.
             Killed by nerve-wracking pain
             ... invoked by Grinder
              (13 damage)
             ... on level 4 of the Dungeon.
             The game lasted 00:04:48 (4290 turns).

siradein the Poker (Demonspawn Gladiator)           Turns: 4290, Time: 00:04:49

Health: -3/41      AC:  8    Str: 14    XL:     5   Next: 90%
Magic:  6/6        EV: 16    Int: 10    God:    Qazlal [......]
Gold:   253        SH:  0    Dex: 15    Spells: 4/4 levels left

rFire   . . .      SeeInvis .   p - +0 glaive
rCold   . . .      Faith    .   (shield currently unavailable)
rNeg    . . .      Spirit   .   e - +0 ring mail
rPois   .          Reflect  .   (helmet restricted)
rElec   .          Harm     .   (no cloak)
rCorr   .          Rampage  .   (no gloves)
Will    .....                   (no boots)
Stlth   +.........              (no amulet)
HPRegen 0.13/turn               q - +4 ring of evasion
MPRegen 0.10/turn               (no ring)

@: no status effects
A: antennae 1, yellow scales 2
a: Renounce Religion


You were on level 4 of the Dungeon.
You worshipped Qazlal.
Qazlal was noncommittal.
You visited 1 branch of the dungeon, and saw 4 of its levels.

You collected 253 gold pieces.

Inventory:

Hand Weapons
 p - a +0 glaive (weapon)
Missiles
 d - 3 throwing nets (quivered)
 g - 35 poisoned darts
Armour
 e - a +0 ring mail (worn)
Jewellery
 q - a +4 ring of evasion (left hand)
Scrolls
 b - 2 scrolls of teleportation {unknown}
 c - a scroll of immolation {unknown}
 h - a scroll of fog {unknown}
 i - 2 scrolls of identify {unknown}
 k - a scroll of fear {unknown}
 l - a scroll of noise {unknown}
Potions
 f - 2 potions of flight {unknown}
 j - 2 potions of might {unknown}
 m - a potion of curing {unknown}
 n - a potion of haste {unknown}
 o - a potion of lignification {unknown}


   Skills:
 + Level 3.4 Fighting
 + Level 3.7 Polearms
 + Level 3.0 Throwing
 + Level 3.7 Dodging
 + Level 1.7 Invocations


You had 4 spell levels left.
You didn't know any spells.
Your spell library was empty.

Dungeon Overview and Level Annotations

Branches:
Dungeon (4/15)
 Temple: D:4-7

Altars:
Qazlal
Ru
Uskayaw
Vehumet

Shops:
D:1 (:**!

Annotations:
D:4 Grinder


Innate Abilities, Weirdness & Mutations

You have a pair of small antennae on your head.
You are mostly covered in yellow scales. (AC +3)


Message History

You throw a javelin. The javelin closely misses Grinder.
Unknown command.
Throw: 2 javelins
Press: ? - help, Q - select action, (/) - cycle Shift-Dir - straight line, f/p - Grinder
Aim: Grinder (lightly wounded, 57% to hit)
You throw a javelin. The javelin pierces through Grinder!
Grinder is moderately wounded.
Grinder gestures at you. Pain shoots through your body!
Throw: javelin
Press: ? - help, Q - select action, (/) - cycle Shift-Dir - straight line, f/p - Grinder
Aim: Grinder (moderately wounded, 57% to hit)
You throw a javelin. The javelin pierces through Grinder.
Grinder is heavily wounded.
Grinder gestures at you. Pain shoots through your body!
Grinder gestures at you. Pain shoots through your body!
You are too injured to fight recklessly!
You hit Grinder.
Grinder is heavily wounded.
Grinder closely misses you. Grinder barely misses you.
You barely miss Grinder.
Grinder is heavily wounded.
Grinder hits you.
* * * LOW HITPOINT WARNING * * *
You writhe in agony.
* * * LOW HITPOINT WARNING * * *
You hit Grinder.
Grinder is heavily wounded.
Grinder misses you. Grinder hits you but does no damage.
You hit Grinder.
Grinder is severely wounded.
Grinder closely misses you.
You slash Grinder!
Grinder is almost dead.
Grinder completely misses you. Grinder gestures at you.
Pain shoots through your body!
You die...

#.# ... #(# #(#
#.#.# #.#(# #.#5#
#.#@#########
#.#..........
#.#..........
..####.#..........
#>........########
#.####.#..# #<#..#
######..##
.........#


You could see Grinder.

Vanquished Creatures
  A black bear (D:4)
  An orc wizard (D:3)
  2 adders
  An ufetubus (D:4)
  A worm (D:3)
  5 dart slugs
  3 orcs (D:3)
  12 endoplasms
  3 giant cockroaches
  8 goblins
  10 hobgoblins
  2 jackals (D:3)
  9 kobolds
  5 quokkas
  8 ball pythons
  9 bats
  3 frilled lizards
  3 rats
86 creatures vanquished.

Notes
Turn   | Place    | Note
-------+----------+-------------------------------------------
     0 | D:1      | siradein the Demonspawn Gladiator began the quest for the
                  | Orb.
     0 | D:1      | Reached XP level 1. HP: 16/16 MP: 1/1
    11 | D:1      | Found Nidav's Weapon Shop.
    20 | D:1      | Found Goze Ulome's Book Shop.
   527 | D:1      | Gained mutation: You are partially covered in yellow
                  | scales. (AC +2) [demonic ancestry]
   527 | D:1      | Reached XP level 2. HP: 14/22 MP: 2/2
   762 | D:1      | Found a faded altar of an unknown god.
  1212 | D:1      | Reached XP level 3. HP: 28/28 MP: 3/3
  1272 | D:1      | Found Yhaep's Distillery.
  1638 | D:1      | Found Ycinad's Assorted Antiques.
  1672 | D:1      | Found Foapp's Assorted Antiques.
  2094 | D:2      | Found a radiant altar of Vehumet.
  2766 | D:2      | Gained mutation: You are mostly covered in yellow scales.
                  | (AC +3) [demonic ancestry]
  2766 | D:2      | Reached XP level 4. HP: 34/34 MP: 4/4
  3050 | D:3      | Found a hide-covered altar of Uskayaw.
  3106 | D:3      | Found a stormy altar of Qazlal.
  3489 | D:3      | Became a worshipper of Qazlal Stormbringer
  3606 | D:3      | Found a sacrificial altar of Ru.
  3832 | D:3      | Gained mutation: You have a pair of small antennae on your
                  | head. [demonic ancestry]
  3832 | D:3      | Reached XP level 5. HP: 32/41 MP: 5/5
  4127 | D:4      | Noticed a black bear
  4145 | D:4      | Killed a black bear
  4146 | D:4      | Reached skill level 1 in Invocations
  4279 | D:4      | Noticed Grinder
  4290 | D:4      | Killed from afar by Grinder

Illustrated notes

Levels and vault maps discovered:
D:1:      minmay_arrival_floating_metal, layout_basic,
          hellmonk_ecumenical_altar_run_dry, serial_shops, shop_fountains,
          shop_fountains, shop, shop, shop_statue
D:2:      layout_loops_ring, basic_altar
D:3:      minmay_bubble_buster, layout_basic, mainiacjoe_overflow_alcove_2,
          lemuel_tele_altar, lemuel_coloured_pillars_altar
D:4:      layout_basic, st_stairs_6, uniq_robin, uniq_grinder, uniq_ijyb

Skill      XL: |  1  2  3  4  5 |
---------------+----------------+-----
Throwing       | 2 3 |  3.0
Polearms       | 3 |  3.7
Dodging        | 3 |  3.7
Fighting       | 3 |  3.4
Invocations    | 1 |  1.7

Action                   |  1- 3 |  4- 6 || total
-------------------------+-------+-------++-------
Melee: Trident           |   164 |       ||   164
       Glaive            |     7 |   106 ||   113
Throw: Dart              |       |     5 ||     5
       Javelin           |       |     4 ||     4
Armor: Ring mail         |    57 |    62 ||   119
Dodge: Dodged            |    99 |    96 ||   195

Table legend: (Time is in decaauts)
 A = Elapsed time spent in this place.
 B = Non-inter-level travel time spent in this place.
 C = Inter-level travel time spent in this place.
 D = Time resting spent in this place.
 E = Time spent auto-exploring this place.
 F = Levels seen in this place.
 G = Mean time per level.
                   A        B        C        D        E       F      G
               +--------+--------+--------+--------+--------+-----+--------+
         Total |   4397 |   4307 |     90 |    294 |   3287 |   4 | 1099.2 |
       Dungeon |   4397 |   4307 |     90 |    294 |   3287 |   4 | 1099.2 |
               +--------+--------+--------+--------+--------+-----+--------+

Top non-repeatable levels by time:
     D:1: 2079 daAuts
     D:3: 1259 daAuts
     D:2: 838 daAuts
     D:4: 220 daAuts
